 BcadrenCrawl: Boulder Brew version 0.04.2-11-g09a922ded6 (webtiles) character file.

Game seed: 8047135710957480495, levelgen mode: deterministic

1226 diana the Charmwright (level 8, -1/64 HPs) Gnoll Skald. Began on May 6, 2021. Slain by a wraith (10 damage) ... on level 3 of the Dungeon. The game lasted 00:04:53 (2139 turns).

diana the Charmwright (Gnoll Skald)                 Turns: 2139, Time: 00:04:54

Health: -1/64      AC:  3    Str: 13    XL:     8 ^: 601
Magic:  17/17      EV: 15    Int: 17    God:
Gold:   83         SH:  0    Dex: 16    Spells: 13/19 levels left

rFire    . . .     Vision   .   a - +0 falchion
rCold    . . .     Gourm    .     - Unarmed
rNeg     . . .     Faith    .   b - +0 leather armour
rPois    .         Spirit   .   (no helmet)
rElec    .         Reflect  .   (no cloak)
rCorr    .         Harm     .   (no gloves)
MR       .....                  (no boots)
Stlth    ++........             (no amulet)
HPRegen  0.31/turn              (no ring)
MPRegen  0.27/turn              (no ring)

@: slowed, very slow
A: distributed training, fangs 1, strong nose
a: no special abilities


You were on level 3 of the Dungeon.
You were not hungry.

You visited 1 branch of the dungeon, and saw 3 of its levels.

You collected 125 gold pieces.
You spent 42 gold pieces at shops.

Inventory:

Weapons
 a - a +0 falchion (weapon)
Armour
 b - a +0 leather armour (worn)
Jewellery
 c - an uncursed amulet of magic regeneration
Wands
 h - a wand of healing (3)
Scrolls
 e - a scroll of enchantment
 f - a scroll of amnesia
 i - 2 scrolls of fog
 k - a scroll of magic mapping
Potions
 g - a potion of cure mutation
 j - a potion of might
 l - a potion of cancellation
 m - a potion of agility
Comestibles
 d - 2 rations


   Skills:
 + Level 5.7 Fighting
 + Level 3.3 Short Blades
 + Level 5.7 Long Blades
 + Level 3.3 Axes & Hammers
 + Level 3.3 Whips & Flails
 + Level 3.3 Polearms
 + Level 3.3 Maces & Staves
 + Level 3.3 Slings
 + Level 3.3 Bows
 + Level 3.3 Crossbows
   Level 0.0 Throwing
 + Level 4.2 Armour
 + Level 5.7 Dodging
 + Level 3.3 Stealth
 + Level 3.3 Shields
 + Level 3.3 Unarmed Combat
 + Level 6.0 Spellcasting
 + Level 2.7 Hexes
 + Level 6.1 Charms
 + Level 2.7 Summonings
 + Level 2.7 Necromancy
 + Level 2.7 Translocations
 + Level 2.7 Transmutations
 + Level 2.7 Fire Magic
 + Level 2.7 Ice Magic
 + Level 2.7 Air Magic
 + Level 2.7 Earth Magic
 + Level 2.7 Poison Magic
 + Level 3.6 Invocations
 + Level 3.3 Evocations


You had 13 spell levels left.
You knew the following spells:

 Your Spells              Type           Power        Failure   Level  Hunger
a - Infusion              Chrm           25 (25)      1%          1    None
b - Song of Slaying       Chrm           26 (100)     1%          2    None
c - Regeneration          Chrm/Necr      20 (200)     7%          3    ##.....

Your spell library contained the following spells:

 Spells                   Type           Power        Failure   Level  Hunger
 Shroud of Golubria       Chrm/Tloc      20 (200)     3%          2    None
 Spectral Weapon          Chrm/Summ      20 (100)     7%          3    ##.....


Dungeon Overview and Level Annotations

Branches:
Dungeon (3/8)

Altars:
Ashenzari

Shops:
D:2 *


Innate Abilities, Weirdness & Mutations

Your experience applies equally to all skills.
You have very sharp teeth.
Your uncanny sense of smell can sniff out nearby items.


Message History

The wraith is moderately damaged. (24/31) HP The wraith hits you (13)!
The wraith drains your vigour!
You feel yourself slow down.
You hit the wraith (6). You hit the wraith but do no damage.
The wraith is heavily damaged. (18/31) HP The wraith hits you (13)!
The wraith drains your vigour!
You feel as though you will be slow longer.
Your song is almost over.
The wraith closely misses you (0). The wraith hits you (10)!
The wraith drains your vigour!
You feel as though you will be slow longer.
The wraith hits you (10)! The wraith drains your vigour!
You feel as though you will be slow longer.
Your song has ended.
The wraith hits you (12)!
* * * LOW HITPOINT WARNING * * *
The wraith drains your vigour!
You feel as though you will be slow longer.
The wraith hits you (10)!
You die... #. .#.# .# .###.###.+##..# ..............# ∆ #....#...##.. #..#....# #....#### #.#### #+# #WW

#.# #@# #.## #.#
####..## #.#
...<...# #.#
##.....### #)#
#.......# #)#
#..)....#######)#
#...............#
###...###########


You could see 2 wraiths.

Vanquished Creatures
  Purgy (D:2)
  2 water moccasins (D:2)
  2 crocodiles (D:2)
  A big kobold (D:2)
  An orc priest (D:3)
  4 jellies (D:2)
  6 giant cockroaches
  38 sewer rats (D:2)
  5 cinder newts
  A worm (D:2)
  4 oozes (D:2)
  8 leopard geckos
  4 orcs (D:3)
  An adder skeleton (D:2)
  3 ball pythons
  4 goblins (D:1)
  8 hobgoblins (D:1)
  6 bats
  8 kobolds
  A kobold skeleton (D:2)
  An orc skeleton (D:2)
  2 quokka skeletons (D:2)
  2 rats (D:1)
  6 withered plants (D:2)
119 creatures vanquished.

Vanquished Creatures (others)
  3 slimeheads (D:2)
  60 withered plants (D:2)
63 creatures vanquished.

Grand Total: 182 creatures vanquished

Notes
Turn   | Place    | Note
-------+----------+-------------------------------------------
     0 | D:1      | diana the Gnoll Skald began the quest for the Orb.
     0 | D:1      | Reached XP level 1. HP: 20/20 MP: 6/6
    39 | D:1      | Reached XP level 2. HP: 26/26 MP: 7/7
   242 | D:1      | Reached XP level 3. HP: 31/31 MP: 9/9
   253 | D:1      | Reached skill level 5 in Spellcasting
   298 | D:1      | Reached skill level 1 in Invocations
   303 | D:1      | Reached skill level 1 in Short Blades
   303 | D:1      | Reached skill level 1 in Axes & Hammers
   303 | D:1      | Reached skill level 1 in Whips & Flails
   303 | D:1      | Reached skill level 1 in Polearms
   303 | D:1      | Reached skill level 1 in Maces & Staves
   303 | D:1      | Reached skill level 1 in Slings
   303 | D:1      | Reached skill level 1 in Bows
   303 | D:1      | Reached skill level 1 in Crossbows
   303 | D:1      | Reached skill level 1 in Stealth
   303 | D:1      | Reached skill level 1 in Shields
   303 | D:1      | Reached skill level 1 in Unarmed Combat
   303 | D:1      | Reached skill level 1 in Evocations
   372 | D:1      | Reached XP level 4. HP: 38/38 MP: 11/11
   376 | D:1      | Learned a level 2 spell: Song of Slaying
   380 | D:1      | Learned a level 3 spell: Regeneration
   572 | D:2      | Noticed a water moccasin
   578 | D:2      | Killed a water moccasin
   578 | D:2      | Reached skill level 1 in Hexes
   578 | D:2      | Reached skill level 1 in Summonings
   578 | D:2      | Reached skill level 1 in Necromancy
   578 | D:2      | Reached skill level 1 in Translocations
   578 | D:2      | Reached skill level 1 in Transmutations
   578 | D:2      | Reached skill level 1 in Fire Magic
   578 | D:2      | Reached skill level 1 in Ice Magic
   578 | D:2      | Reached skill level 1 in Air Magic
   578 | D:2      | Reached skill level 1 in Earth Magic
   578 | D:2      | Reached skill level 1 in Poison Magic
   578 | D:2      | Reached XP level 5. HP: 22/43 MP: 6/12
   687 | D:2      | Reached XP level 6. HP: 50/50 MP: 8/13
   805 | D:2      | Noticed Purgy
   814 | D:2      | Killed Purgy
   814 | D:2      | Reached skill level 5 in Fighting
   814 | D:2      | Reached skill level 5 in Long Blades
   814 | D:2      | Reached skill level 5 in Dodging
   880 | D:2      | Reached XP level 7. HP: 36/56 MP: 6/15
  1311 | D:2      | Reached XP level 8. HP: 61/63 MP: 16/16
  1413 | D:2      | Found Neazah's General Store.
  1424 | D:2      | Bought a scroll of magic mapping for 42 gold pieces
  1501 | D:2      | Found a shattered altar of Ashenzari.
  2125 | D:3      | Noticed a wraith
  2129 | D:3      | Noticed a wraith
  2139 | D:3      | Slain by a wraith

Levels and vault maps discovered:
D:1:      wander_arrival_peaceful_grave, layout_cave_pools
D:2:      layout_sewer, serial_shops, shop, ashenzari_altar_1, uniq_purgy
D:3:      layout_loops_corners, minitemple, first_ration,
          miniossuary_due_ghosttown

Skill      XL: |  1  2  3  4  5  6  7  8 |
---------------+-------------------------+-----
Spellcasting   | 5 6 |  6.0
Invocations    | 1 2 3 |  3.6
Short Blades   | 1 2 3 |  3.3
Axes & Hammers | 1 2 3 |  3.3
Whips & Flails | 1 2 3 |  3.3
Polearms       | 1 2 3 |  3.3
Maces & Staves | 1 2 3 |  3.3
Slings         | 1 2 3 |  3.3
Bows           | 1 2 3 |  3.3
Crossbows      | 1 2 3 |  3.3
Stealth        | 1 2 3 |  3.3
Shields        | 1 2 3 |  3.3
Unarmed Combat | 1 2 3 |  3.3
Evocations     | 1 2 3 |  3.3
Armour         | 3 4 |  4.2
Hexes          | 1 2 |  2.7
Summonings     | 1 2 |  2.7
Necromancy     | 1 2 |  2.7
Translocations | 1 2 |  2.7
Transmutations | 1 2 |  2.7
Fire Magic     | 1 2 |  2.7
Ice Magic      | 1 2 |  2.7
Air Magic      | 1 2 |  2.7
Earth Magic    | 1 2 |  2.7
Poison Magic   | 1 2 |  2.7
Fighting       | 5 |  5.7
Long Blades    | 5 |  5.7
Dodging        | 5 |  5.7
Charms         | 6 |  6.1

Action                   |  1- 3 |  4- 6 |  7- 9 || total
-------------------------+-------+-------+-------++-------
Melee: Falchion          |    34 |    43 |   144 ||   221
       Unarmed           |    17 |    34 |   105 ||   156
       Bite              |     2 |     3 |    15 ||    20
 Cast: Infusion          |       |     4 |     2 ||     6
       Regeneration      |       |     1 |     1 ||     2
       Song of Slaying   |       |       |     3 ||     3
 Stab: Sleeping          |       |       |     3 ||     3
  Eat: Chunk             |       |       |     6 ||     6
Armor: Leather armour    |     1 |     6 |    13 ||    20
Dodge: Dodged            |    32 |    55 |   157 ||   244
       Rpst.: Falchion   |    10 |    17 |    51 ||    78
